Map: 아크로폴리스 - 래더

Players

Zest - Winner!

  • Race: Protoss Protoss
  • League: Master
  • Spawn Location: 5:00

llllllllllll (Trap)

  • Race: Protoss Protoss
  • League: Master
  • Spawn Location: 11:00

Event: HomeStory Cup XX

VOD

Have the link to the VOD?

Description

Time

  • Played on: Nov. 23, 2019, 9:14 a.m.
  • Length: 5:34

All games in this series

Show
View Real Time Build Order
Export as new Build Order

Zest Protoss - Winner!

Build Orders: Phoenix Opening 

Get SALT Encoding   

  12  0:00  Probe  
  13  0:12  Probe  
  14  0:17  Pylon  
  14  0:24  Probe  
  15  0:32  Probe  
  15  0:36  Gateway  
  15  0:40  Probe  
  16  0:46  Assimilator  
  17  0:51  Probe  
  17  0:54  Assimilator  
  18  0:59  Probe  
  19  1:07  Probe, Gateway  
  19  1:17  Probe  
  20  1:23  Cybernetics Core  
  21  1:29  Probe  
  22  1:35  Pylon  
  22  1:41  Probe  
  23  1:53  Probe  
  24  2:00  Stargate  
  24  2:01  Warp Gate  
  24  2:10  Adept x2  
  28  2:21  Pylon  
  28  2:37  Phoenix  
  28  2:40  Stalker x2  
  33  2:52  Shield Battery  
  33  2:58  Phoenix  
  35  3:15  Phoenix  
  35  3:17  Pylon  
  37  3:36  Gateway  
  37  3:40  Phoenix  
  39  3:51  Zealot x2  
  39  3:54  Pylon  
  43  4:05  Phoenix  
  45  4:25  Stalker  
  45  4:26  Stalker  
  45  4:30  Stalker  
  49  4:50  Probe  
  44  4:54  Stalker  
  44  4:55  Stalker x2  
Show
View Real Time Build Order
Export as new Build Order

llllllllllll Protoss 

Build Orders:  

Get SALT Encoding   

  12  0:00  Probe  
  13  0:12  Probe  
  14  0:18  Pylon  
  14  0:24  Probe  
  15  0:32  Probe  
  15  0:37  Gateway  
  15  0:40  Probe  
  16  0:48  Assimilator  
  17  0:50  Probe  
  17  0:54  Assimilator  
  18  0:59  Probe  
  19  1:07  Probe  
  19  1:09  Gateway  
  20  1:17  Probe  
  20  1:24  Cybernetics Core  
  21  1:29  Probe  
  22  1:34  Pylon  
  22  1:41  Probe  
  23  1:54  Probe  
  24  2:00  Robotics Facility  
  24  2:01  Warp Gate  
  24  2:02  Adept  
  26  2:08  Adept  
  28  2:16  Pylon  
  28  2:22  Shield Battery  
  28  2:31  Stalker  
  30  2:38  Stalker  
  30  2:44  Pylon, Immortal  
  35  3:02  Sentry  
  37  3:09  Gateway  
  37  3:14  Shield Battery  
  37  3:17  Warp Prism  
  39  3:34  Pylon  
  39  3:54  Stalker x2  
  43  4:04  Pylon, Observer  
  43  4:07  Stalker  
  46  4:22  Stalker x2  
  50  4:32  Pylon  
  50  4:38  Stalker  
  46  4:49  Stalker x2  
  42  4:59  Stalker  
  38  5:11  Stalker  
  38  5:12  Stalker  
  40  5:22  Stalker  
Tags
 
Add a new tag
Caveats
  • Supply blocks, unpowered buildings, or Contaminate may cause inaccurate times.
  • Supply counts are checked every 10 seconds.